 Dungeon Crawl Stone Soup version 0.20.0-10-g0535bb4 (webtiles) character file.

33546 Gorglomux the Spry (level 13, -4/65 HPs)
             Began as a Felid Air Elementalist on June 7, 2017.
             Was an Elder of Sif Muna.
             Shot with an arrow by a centaur (13 damage)
             ... led by a centaur warrior
             ... on level 14 of the Dungeon.
             The game lasted 02:20:13 (44503 turns).

Gorglomux the Spry (Felid Air Elementalist)        Turns: 44503, Time: 02:20:14

Health: -4/65      AC:  3    Str:  4    XL:     13   Next: 37%
Magic:  23/33      EV: 32    Int: 20    God:    Sif Muna [****..]
Gold:   816        SH:  0    Dex: 18    Spells: 12/26 levels left
                                        Lives:  0   Deaths: 3

rFire    . . .     SeeInvis +   (weapon unavailable)
rCold    + . .     Gourm    .   (shield unavailable)
rNeg     . . .     Faith    +   (armour unavailable)
rPois    +         Spirit   .   (helmet unavailable)
rElec    .         Reflect  .   (cloak unavailable)
rCorr    .         Harm     .   (gloves unavailable)
MR       +....                  (boots unavailable)
Stlth    +++.......             x - amulet of faith
Regen    0.2/turn               o - ring of poison resistance
MPRegen  0.3/turn               F - ring "Apealyr" {MP+9 SInv}

@: very slightly contaminated, invisible, divine energy, quick
A: no armour, no weapons or thrown items, stealth, claws 1, fangs 3, see
invisible, carnivore 3, speed 1, shaggy fur 3, slow metabolism 1, sharp paws
a: Stop Divine Energy, Channel Magic, Forget Spell, Renounce Religion


You were on level 14 of the Dungeon.
You worshipped Sif Muna.
Sif Muna was greatly pleased with you.
You were near starving.

You visited 2 branches of the dungeon, and saw 20 of its levels.
You also visited: Labyrinth.

You collected 1571 gold pieces.
You spent 755 gold pieces at shops.

Inventory:

Jewellery
 c - an uncursed ring of protection from cold
 f - an uncursed ring of protection from fire
 m - an uncursed ring of protection from magic
 o - a ring of poison resistance (left paw)
 x - an amulet of faith (around neck)
 F - the ring "Apealyr" (right paw) {MP+9 SInv}
   (You found it on level 6 of the Dungeon)

   [ring of magical power]

   It affects your magic capacity (+9).
   It lets you see invisible.
 W - a +1 ring of evasion
Wands
 w - a wand of iceblast (8/15)
 D - a wand of digging (4/24)
 E - a wand of lightning (8/15)
 I - a wand of iceblast (1/15)
 L - a wand of lightning (0/15)
 P - a wand of paralysis (0/24)
Scrolls
 e - a scroll of acquirement {unknown}
 i - 2 scrolls of enchant armour
 j - a scroll of fear
 v - 7 scrolls of magic mapping
 y - 4 scrolls of immolation
 B - a scroll of blinking
 H - 3 scrolls of fog
 K - 6 scrolls of amnesia
 R - a scroll of identify
 T - 11 scrolls of teleportation
 V - 13 scrolls of remove curse
 Z - 4 scrolls of recharging
Potions
 d - 2 potions of ambrosia
 h - a potion of berserk rage
 l - 2 potions of cancellation
 n - 5 potions of agility
 r - 3 potions of mutation {!q}
 u - 2 potions of might
 G - 4 potions of brilliance
 J - 5 potions of lignification
 N - 3 potions of haste
 O - 4 potions of heal wounds
 Q - 5 potions of curing
 S - 7 potions of flight
 Y - 3 potions of magic
Books
 a - a book of Air

   Spells                             Type                      Level
   a - Shock                          Conjuration/Air              1
   b - Swiftness                      Charms/Air                   2
   c - Static Discharge               Conjuration/Air              3
   d - Airstrike                      Air                          4
   e - Lightning Bolt                 Conjuration/Air              5
 p - a book of Clouds

   Spells                             Type                      Level
   a - Poisonous Vapours              Poison/Air                   2
   b - Mephitic Cloud                 Conjuration/Poison/Air       3
   c - Conjure Flame                  Conjuration/Fire             3
   d - Freezing Cloud                 Conjuration/Ice/Air          6
   e - Ring of Flames                 Charms/Fire                  7
 q - Sif Muna's Compendium of Hurtful Darkness {god gift}
   (Sif Muna gifted it to you on level 3 of the Lair of Beasts)

   Spells                             Type                      Level
   a - Shock                          Conjuration/Air              1
   b - Regeneration                   Charms/Necromancy            3
   c - Force Lance                    Conjuration/Translocation    4
   d - Spellforged Servitor           Conjuration/Summoning        7
   e - Orb of Destruction             Conjuration                  7
 s - a Young Poisoner's Handbook {god gift}

   Spells                             Type                      Level
   a - Sting                          Conjuration/Poison           1
   b - Poisonous Vapours              Poison/Air                   2
   c - Mephitic Cloud                 Conjuration/Poison/Air       3
   d - Olgreb's Toxic Radiance        Poison                       4
   e - Venom Bolt                     Conjuration/Poison           5
 t - a book of Transfigurations

   Spells                             Type                      Level
   a - Irradiate                      Conjuration/Transmutation    5
   b - Statue Form                    Transmutation/Earth          6
   c - Hydra Form                     Transmutation                6
   d - Dragon Form                    Transmutation                7
 C - a Necronomicon

   Spells                             Type                      Level
   a - Haunt                          Necromancy/Summoning         7
   b - Borgnjor's Revivification      Necromancy                   8
   c - Death's Door                   Charms/Necromancy            8
   d - Infestation                    Necromancy                   8
   e - Necromutation                  Transmutation/Necromancy     8
 M - a book of Callings

   Spells                             Type                      Level
   a - Summon Small Mammal            Summoning                    1
   b - Call Imp                       Summoning                    2
   c - Call Canine Familiar           Summoning                    3
   d - Summon Guardian Golem          Hexes/Summoning              3
   e - Summon Lightning Spire         Summoning/Air                4
   f - Summon Ice Beast               Ice/Summoning                4
 U - Omehacy's Catalogue of Dusty Displacement {god gift}
   (Sif Muna gifted it to you in a labyrinth)

   Spells                             Type                      Level
   a - Shroud of Golubria             Charms/Translocation         2
   b - Gell's Gravitas                Translocation                3
   c - Leda's Liquefaction            Hexes/Earth                  4
   d - Petrify                        Transmutation/Earth          4
   e - Lee's Rapid Deconstruction     Earth                        5
 X - a book of Conjurations

   Spells                             Type                      Level
   a - Magic Dart                     Conjuration                  1
   b - Searing Ray                    Conjuration                  2
   c - Dazzling Spray                 Conjuration/Hexes            3
   d - Fulminant Prism                Conjuration/Hexes            4
   e - Force Lance                    Conjuration/Translocation    4
   f - Iskenderun's Mystic Blast      Conjuration                  4
Comestibles
 z - 18 meat rations
 A - 14 royal jellies


   Skills:
 + Level 12.4 Fighting
 + Level 15.7 Dodging
 - Level 2.6 Stealth
 - Level 7.0 Spellcasting
 - Level 5.1 Conjurations
 - Level 1.0 Summonings
 + Level 14.5 Air Magic
 + Level 9.0 Invocations


You had 12 spell levels left.
You knew the following spells:

 Your Spells              Type           Power        Failure   Level  Hunger
a - Shock                 Conj/Air       ####         1%          1    None
b - Airstrike             Air            ######....   1%          4    ###....
c - Lightning Bolt        Conj/Air       #####.....   4%          5    #####..
l - Summon Lightning Spi  Summ/Air       #####...     3%          4    ###....


Dungeon Overview and Level Annotations

Branches:
Dungeon (14/15)            Temple (0/1) D:6            Lair (6/6) D:10
 Shoals (0/4) Lair:2       Spider (0/4) Lair:4        Slime (0/5) Lair:5
    Orc (0/2) D:11         Vaults (0/5) D:13

Altars:
Nemelex Xobeh
Sif Muna

Shops:
D:4 (=   D:10 *   D:13 ?

Annotations:
D:8 Joseph
D:14 exclusion: Roxanne, Roxanne
Lair:6 exclusion: oklob plant


Innate Abilities, Weirdness & Mutations

You cannot wear armour.
You are incapable of wielding weapons or throwing items.
Your paws allow you to move quietly. (Stealth)
You have sharp claws.
You have razor-sharp teeth.
You have supernaturally acute eyesight. (SInv)
You are carnivorous and can eat meat at any time.
You cover ground quickly.
Your thick and shaggy fur keeps you warm. (AC +3, rC+)
You have a slow metabolism.
Your sharp claws are effective at attacking unaware monsters.


Message History

The arrow completely misses you.
The centaur warrior unwields an uncursed longbow.
The centaur warrior hits you!
* * * LOW HITPOINT WARNING * * *
You see here an arrow.
Unknown command.
Casting: Lightning Bolt
Confirm with . or Enter, or press ? or * to list all spells.
Aiming: Lightning Bolt
Press: ? - help, Shift-Dir - straight line You hear a mighty clap of thunder!
The bolt of lightning hits the centaur warrior.
The centaur warrior is severely wounded.
You are near starving!
You hear a roar!
The centaur shoots an arrow.
The arrow completely misses you. The centaur warrior hits you.
* * * LOW HITPOINT WARNING * * *
The centaur shoots an arrow.
The arrow hits you!
You die...

# #.#..# . ##.8.# .###.##.# ##
#.# ......#.# #.# ..##..#.#
............# . #.# #.###.#.##
.)..........# . #.# #.#
#.c..#####..........### .##.# #.#
#...(.c.#............@
.##.###.###)###c..#...........###
.##)........####@...............#
.#..........)...(#......o.z...#
.#.#........########.....<#
..Z#........# ###.....#
..##........# #......#
..##........# #.####..
.###(.......# # ..! ......#####..
#... .......## ##. ....


You could see a centaur warrior and 2 centaurs.

Vanquished Creatures
  Louise (D:14)
  The ghost of WereVolvo the Scorcher, a journeyman DEFE of Vehumet (D:11)
  The ghost of armaa the Basher, a journeyman OgHu (D:11)
  3 vault guards
  6 hydras
  A catoblepas (Lair:5)
  4 two-headed ogres
  A death yak (Lair:5)
  A tengu warrior (D:13)
  Urug (D:14)
  Sonja (Lair:3)
  4 skeletal warriors
  3 unseen horrors
  An unseen horror (shapeshifter) (D:14)
  An orc knight (D:12)
  An oklob plant (Lair:3)
  A wolf spider zombie (D:13)
  A cyclops (D:11)
  A salamander (shapeshifter) (D:14)
  Maurice (D:13)
  7 elephants
  3 centaur zombies
  3 black mambas
  A merfolk siren (Lair:2)
  4 gargoyles
  25 spiny frogs
  A freezing wraith (D:14)
  A rime drake (Lair:5)
  The ghost of Sayou the Shield-Bearer, a novice GrFi (D:4)
  4 komodo dragons
  A tengu conjurer (D:13)
  A merfolk (Lair:2)
  A hornet (D:10)
  3 tyrant leeches (Lair:6)
  2 polar bears
  Prince Ribbit (D:9)
  2 trolls
  5 dream sheep (Lair:4)
  11 hippogriffs
  13 blink frogs
  4 slime creatures
  7 wraiths
  42 yaks
  2 redbacks (Lair:4)
  4 basilisks
  3 wyverns
  2 hungry ghosts
  6 vampire mosquitoes
  Edmund (D:4)
  Duvessa (D:4)
  12 water moccasins
  10 porcupines
  5 orc warriors
  5 sky beasts
  3 ice beasts
  4 black bears
  3 phantoms
  2 necrophages
  2 wolves (Lair:6)
  6 centaurs
  2 ogres
  16 crocodiles
  4 big kobolds
  A gnoll sergeant (D:10)
  Blork the orc (D:4)
  Dowan (D:4)
  27 bullfrogs
  A wyvern skeleton (D:13)
  9 scorpions
  A water moccasin skeleton (D:10)
  16 killer bees
  A howler monkey (D:4)
  9 wights
  4 electric eels
  9 crimson imps
  5 bullfrog zombies
  11 hounds
  4 jellies
  2 centaur skeletons
  A gnoll shaman (D:6)
  10 orc priests
  Ijyb (D:5)
  12 worker ants
  7 iguanas
  Natasha (thrice) (D:3)
  17 orc wizards
  A killer bee zombie (D:6)
  A hound zombie (D:7)
  A hound skeleton (D:10)
  Robin (D:3)
  20 gnolls
  A howler monkey skeleton (D:4)
  10 adders
  4 shadow imps
  2 worms
  3 dart slugs
  5 leopard geckos
  48 orcs
  11 bats
  7 giant cockroaches
  11 goblins (D:3)
  10 hobgoblins
  12 jackals
  25 kobolds
  3 quokkas
  5 frilled lizards
  A jackal skeleton (D:8)
  A quokka zombie (D:9)
  3 rats
  A plant (Lair:3)
611 creatures vanquished.

Vanquished Creatures (collateral kills)
  Rupert (D:12)
  A minotaur (Lab)
  Josephine (Lair:6)
  A vault guard (D:12)
  2 hydras
  A queen ant (shapeshifter) (D:14)
  4 death yaks (Lair:5)
  A two-headed ogre (D:14)
  4 elephants (Lair:6)
  3 spiny frogs
  A torpor snail (Lair:5)
  3 komodo dragons
  A troll (D:13)
  A polar bear (Lair:4)
  2 slime creatures (D:13)
  3 blink frogs (Lair:6)
  6 yaks
  An ice beast (D:12)
  A hornet zombie (D:13)
  4 wolves (Lair:6)
  2 crocodiles
  A big kobold (D:14)
  5 bullfrogs
  A troll skeleton (Lab)
  2 wights (D:12)
  A spriggan skeleton (Lab)
  An orc wizard (D:13)
  An ogre skeleton (Lab)
  5 kobolds (D:14)
61 creatures vanquished.

Vanquished Creatures (others)
  A giant cockroach (D:4)
  19 fungi
  44 plants
64 creatures vanquished.

Grand Total: 736 creatures vanquished

Notes
Turn   | Place    | Note
-------+----------+-------------------------------------------
     0 | D:1      | Gorglomux the Felid Air Elementalist began the quest for the Orb.
     0 | D:1      | Reached XP level 1. HP: 7/7 MP: 4/4
    93 | D:1      | Reached skill level 1 in Conjurations
   313 | D:1      | Reached XP level 2. HP: 11/11 MP: 3/6
   603 | D:1      | Reached skill level 3 in Air Magic
   991 | D:2      | Reached XP level 3. HP: 14/14 MP: 2/8
  1452 | D:2      | Reached skill level 3 in Spellcasting
  1757 | D:2      | Reached XP level 4. HP: 18/18 MP: 6/9
  1763 | D:2      | Learned a level 4 spell: Airstrike
  1953 | D:3      | Noticed Natasha
  2240 | D:3      | Killed Natasha
  2292 | D:3      | Noticed Natasha
  2300 | D:3      | Killed Natasha
  2300 | D:3      | Slain by a worm
  2301 | D:3      | Reached XP level 3. HP: -2/14 MP: 4/8
  2311 | D:3      | Reached XP level 4. HP: 18/18 MP: 7/9
  2617 | D:3      | Noticed Natasha
  2618 | D:3      | Killed Natasha
  2858 | D:3      | Reached XP level 5. HP: 15/21 MP: 3/10
  3132 | D:3      | Noticed Robin
  3159 | D:3      | Killed Robin
  3765 | D:3      | Found a deep blue altar of Sif Muna.
  3768 | D:3      | Became a worshipper of Sif Muna the Loreminder
  3920 | D:4      | Noticed Blork the orc
  4084 | D:4      | Found Ajysues's Weapon Boutique.
  4255 | D:4      | Reached skill level 6 in Air Magic
  4255 | D:4      | Gained mutation: You are covered in thick fur. (AC +2) [Felid growth]
  4255 | D:4      | Reached XP level 6. HP: 24/24 MP: 2/11
  4470 | D:4      | Noticed Sayou's ghost (novice GrFi)
  4783 | D:4      | Killed Blork the orc
  5037 | D:4      | Reached XP level 7. HP: 27/27 MP: 3/12
  5261 | D:4      | Reached * piety under Sif Muna
  5596 | D:4      | Found Faec Ceu's Jewellery Shop.
  5795 | D:4      | Noticed Duvessa
  5853 | D:4      | Killed Duvessa
  5907 | D:4      | Noticed Dowan
  5955 | D:4      | Killed Dowan
  6166 | D:4      | Killed Sayou's ghost
  6166 | D:4      | Reached XP level 8. HP: 13/31 MP: 0/13
  6484 | D:4      | Reached skill level 9 in Air Magic
  6643 | D:4      | Found a sparkling altar of Nemelex Xobeh.
  6923 | D:5      | Entered Level 5 of the Dungeon
  6923 | D:5      | Noticed Edmund
  6974 | D:4      | Killed Edmund
  7098 | D:5      | Reached ** piety under Sif Muna
  8100 | D:5      | Reached skill level 3 in Dodging
  8296 | D:5      | Noticed Ijyb
  8303 | D:5      | Killed Ijyb
  8443 | D:5      | Reached skill level 1 in Fighting
  9057 | D:5      | Reached XP level 9. HP: 36/36 MP: 2/15
  9533 | D:6      | Reached skill level 4 in Dodging
 10529 | D:6      | Found a staircase to the Ecumenical Temple.
 11119 | D:6      | Reached skill level 3 in Fighting
 11123 | D:6      | Got a translucent bronze ring
 11124 | D:6      | Identified the ring "Apealyr" {MP+9 SInv} (You found it on level 6 of the Dungeon)
 11359 | D:7      | Reached skill level 5 in Dodging
 11985 | D:7      | Reached skill level 6 in Dodging
 13099 | D:8      | Reached XP level 10. HP: 43/43 MP: 9/18
 13474 | D:8      | Reached *** piety under Sif Muna
 13474 | D:8      | Reached skill level 7 in Dodging
 13591 | D:8      | Noticed Joseph
 13802 | D:8      | Found a sparkling altar of Nemelex Xobeh.
 14368 | D:9      | Noticed Prince Ribbit
 14371 | D:9      | Killed Prince Ribbit
 14732 | D:9      | Reached skill level 8 in Dodging
 14781 | D:9      | Reached skill level 6 in Spellcasting
 15753 | D:9      | Noticed a two-headed ogre
 15776 | D:9      | Killed a two-headed ogre
 15776 | D:9      | Reached skill level 6 in Fighting
 15972 | D:9      | Noticed an unseen horror
 15976 | D:9      | Killed an unseen horror
 15976 | D:9      | Reached skill level 9 in Dodging
 16448 | D:10     | Entered Level 10 of the Dungeon
 16514 | D:10     | Reached XP level 11. HP: 48/48 MP: 0/22
 16694 | D:10     | Found Tekkil's General Store.
 16775 | D:10     | Bought 2 potions of agility for 120 gold pieces
 16775 | D:10     | Bought a potion of haste for 150 gold pieces
 16775 | D:10     | Bought a scroll of magic mapping for 52 gold pieces
 16775 | D:10     | Bought a scroll of immolation for 52 gold pieces
 16775 | D:10     | Bought a scroll of fog for 30 gold pieces
 16895 | D:10     | Reached **** piety under Sif Muna
 17533 | D:10     | Found a staircase to the Lair.
 17885 | D:9      | Learned a level 5 spell: Lightning Bolt
 18320 | D:10     | Reached skill level 10 in Dodging
 19312 | D:11     | Noticed a two-headed ogre
 19319 | D:11     | Killed a two-headed ogre
 19319 | D:11     | Reached skill level 12 in Air Magic
 19489 | D:11     | Found a deep blue altar of Sif Muna.
 19743 | D:11     | Noticed armaa's ghost (journeyman OgHu)
 19745 | D:11     | Noticed WereVolvo's ghost (journeyman DEFE)
 19758 | D:11     | Killed WereVolvo's ghost
 19758 | D:11     | Reached ***** piety under Sif Muna
 19758 | D:11     | Received a gift from Sif Muna
 19758 | D:11     | Reached skill level 3 in Conjurations
 20315 | D:11     | Killed armaa's ghost
 20339 | D:11     | Reached skill level 11 in Dodging
 20690 | D:10     | Gained mutation: Your thick and shaggy fur keeps you warm. (AC +3, rC+) [Felid growth]
 20690 | D:10     | Reached XP level 12. HP: 49/55 MP: 0/23
 21156 | D:11     | Found a staircase to the Orcish Mines.
 21858 | Lair:1   | Entered Level 1 of the Lair of Beasts
 23131 | Lair:2   | Reached skill level 9 in Fighting
 23704 | Lair:2   | Reached skill level 1 in Invocations
 23771 | Lair:2   | Found a staircase to the Shoals.
 23789 | Lair:2   | Reached skill level 12 in Dodging
 25240 | Lair:3   | Noticed Sonja
 25243 | Lair:3   | Killed Sonja
 25784 | Lair:3   | Reached skill level 3 in Invocations
 26075 | Lair:3   | Learned a level 4 spell: Summon Lightning Spire
 26857 | Lair:3   | Noticed a five-headed hydra
 26870 | Lair:3   | Killed a five-headed hydra
 26870 | Lair:3   | Identified Sif Muna's Compendium of Hurtful Darkness {god gift} (Sif Muna gifted it to you on level 3 of the Lair of Beasts)
 26870 | Lair:3   | Received a gift from Sif Muna
 26870 | Lair:3   | Reached skill level 1 in Summonings
 27295 | Lair:3   | Reached XP level 13. HP: 57/61 MP: 16/24
 27811 | Lair:4   | Found a hole to the Spider Nest.
 28854 | Lair:4   | Reached skill level 13 in Dodging
 29885 | Lair:5   | Found a runed door.
 30348 | Lair:5   | Found a staircase to the Slime Pits.
 31377 | Lair:6   | Entered Level 6 of the Lair of Beasts
 32829 | Lair:5   | Reached skill level 6 in Invocations
 33366 | Lair:6   | Reached skill level 14 in Dodging
 35014 | Lair:6   | Reached XP level 14. HP: 47/67 MP: 1/25
 35242 | Lair:6   | Noticed Josephine
 35579 | Lair:6   | Killed Josephine
 37964 | D:12     | Noticed Rupert
 37974 | D:12     | Killed Rupert
 38190 | D:12     | Found a labyrinth entrance.
 38254 | Lab      | Entered a labyrinth
 38542 | Lab      | Identified Omehacy's Catalogue of Dusty Displacement {god gift} (Sif Muna gifted it to you in a labyrinth)
 38542 | Lab      | Received a gift from Sif Muna
 39737 | D:12     | Noticed a vampire knight
 39743 | D:12     | Reached skill level 15 in Dodging
 39769 | D:11     | Paralysed by a vampire knight for 5 turns
 39770 | D:11     | Slain by a vampire knight
 39771 | D:11     | Reached XP level 13. HP: 0/64 MP: 2/33
 40015 | D:13     | Noticed Maurice
 40198 | D:13     | Found a gate to the Vaults.
 40715 | D:13     | Reached skill level 12 in Fighting
 42065 | D:13     | Slain by a tengu warrior
 42066 | D:13     | Reached XP level 12. HP: -1/61 MP: 15/32
 42072 | D:13     | Found Kahuafis's Magic Scroll Shop.
 42078 | D:13     | Bought a scroll of fear for 52 gold pieces
 42078 | D:13     | Bought a scroll of teleportation for 45 gold pieces
 42078 | D:13     | Bought a scroll of identify for 30 gold pieces
 42078 | D:13     | Bought a scroll of blinking for 112 gold pieces
 42078 | D:13     | Bought a scroll of enchant armour for 112 gold pieces
 42091 | D:13     | Killed a tengu warrior
 42104 | D:13     | Killed Maurice
 42245 | D:13     | Noticed a two-headed ogre
 42251 | D:13     | Killed a two-headed ogre
 42504 | D:14     | Noticed Urug
 42513 | D:14     | Noticed Louise
 42590 | D:13     | Reached XP level 13. HP: 46/64 MP: 6/24
 43239 | D:14     | Killed Louise
 44093 | D:14     | Reached skill level 9 in Invocations
 44124 | D:14     | Killed Urug
 44248 | D:14     | Noticed Roxanne
 44503 | D:14     | Shot with an arrow by a centaur

Skill      XL: |  1  2  3  4  5  6  7  8  9 10 11 12 13 14 |
---------------+-------------------------------------------+-----
Conjurations   | 1 4 5 |  5.1
Air Magic      | 3 5 6 7 8 10 11 12 13 14 | 14.5
Spellcasting   | 3 5 6 7 |  7.0
Dodging        | 3 6 9 11 12 14 15 | 15.7
Fighting       | 1 4 6 8 9 12 | 12.4
Invocations    | 3 9 7 |  9.0
Summonings     | 1 |  1.0
Stealth        | |  2.6

Action                   |  1- 3 |  4- 6 |  7- 9 | 10-12 | 13-15 || total
-------------------------+-------+-------+-------+-------+-------++-------
Melee: Unarmed           |     7 |     7 |     3 |   152 |   130 ||   299
       Bite              |     1 |       |       |    25 |    18 ||    44
 Cast: Shock             |    73 |   149 |    82 |    85 |     5 ||   394
       Airstrike         |       |    23 |   195 |   502 |   610 ||  1330
       Lightning Bolt    |       |       |       |    35 |    65 ||   100
       Summon Lightning  |       |       |       |    11 |    95 ||   106
Invok: Divine Energy     |       |       |     1 |       |       ||     1
       Channel Magic     |       |       |       |     4 |    12 ||    16
Evoke: Wand              |       |       |     1 |     1 |    12 ||    14
       Box of beasts     |       |       |       |       |     1 ||     1
  Use: Scroll            |     1 |     1 |     7 |    11 |     9 ||    29
       Potion            |       |       |       |     1 |     5 ||     6
 Stab: Sleeping          |     1 |       |       |     1 |     2 ||     4
       Distracted        |       |       |       |       |     7 ||     7
  Eat: Chunk             |    11 |    13 |    52 |    99 |   124 ||   299
       Meat ration       |       |       |       |       |     1 ||     1
Armor: Skin              |     1 |     1 |     2 |     2 |    13 ||    19
Dodge: Dodged            |    20 |    32 |    29 |   181 |   345 ||   607
